 Dungeon Crawl Stone Soup version 0.31-a0-174-g85c54bcb58 (webtiles) character file.

Game seed: 9235780276817783643

22 Anon1729 the Trooper (level 2, -1/16 HPs)
             Began as a Vine Stalker Fighter on June 15, 2023.
             Succumbed to an adder's poison
             ... on level 2 of the Dungeon.
             The game lasted 00:00:33 (1045 turns).

Anon1729 the Trooper (Vine Stalker Fighter)         Turns: 1045, Time: 00:00:33

Health: -1/16      AC:  6    Str: 18    XL:     2   Next: 91%
Magic:  3/3        EV:  9    Int:  8    God:
Gold:   86         SH:  0    Dex: 13    Spells: 1/1 levels left

rFire   . .          .
                       - Unarmed
rCold   . . .        b - +0 buckler
rNeg    . . .        a - +0 scale mail
rPois   .            (no helmet)
rElec   .            (no cloak)
rCorr   .            (no gloves)
SInv    .            (no boots)
Will    .....        (no amulet) Stlth
                     (no ring)
HPRegen 0.22/turn    (no ring)
MPRegen 0.08/turn

%: guardian spirit
@: confused, lethally poisoned (-1 -> -9), ambrosia-drunk
A: fangs 2, magic shield, antimagic bite, no potion heal 2
a: no special abilities


You were on level 2 of the Dungeon.
You visited 1 branch of the dungeon, and saw 2 of its levels.

You collected 86 gold pieces.

Inventory:

Missiles
 h - 5 datura-tipped darts
Armour
 a - a +0 scale mail (worn)
 b - a +0 buckler (worn)
Scrolls
 d - a scroll of acquirement {unknown}
 e - a scroll of revelation {unknown}
 f - a scroll of identify {unknown}
 i - 2 scrolls of teleportation {unknown}
Potions
 c - a potion of might
 g - a potion of ambrosia


   Skills:
 + Level 2.9 Fighting
 + Level 2.6 Armour
 + Level 2.9 Shields
 + Level 2.2 Unarmed Combat
 + Level 0.8 Invocations


You had one spell level left.
You didn't know any spells.
Your spell library contained the following spells:

 Spells                   Type           Power      Damage    Failure   Level
 Cigotuvi's Dreadful Rot  Necr/Pois/Air  0%         N/A       95%         2
 Summon Cactus Giant      Summ           0%         N/A       100%        6


Dungeon Overview and Level Annotations

Branches:
Dungeon (2/15)

Altars:


Innate Abilities, Weirdness & Mutations

You have extremely sharp teeth.
When hurt, damage is shared between your health and your magic reserves.
Your bite disrupts and absorbs the magic of your enemies.
Potions cannot restore your health.


Message History

You are too injured to fight recklessly!
You are too injured to fight recklessly!
You are too injured to fight recklessly!
You are too injured to fight recklessly!
You are too injured to fight recklessly!
You are too injured to fight recklessly!
You are too injured to fight recklessly!
You are too injured to fight recklessly!
You are too injured to fight recklessly!
You are too injured to fight recklessly!
You are too injured to fight recklessly!
You are too injured to fight recklessly!
You are too injured to fight recklessly!
You are too injured to fight recklessly!
You are too injured to fight recklessly!
You are too injured to fight recklessly!
You closely miss the adder.
The ball python hisses angrily.
You bite the adder. You drain its power.
You feel invigorated.
The adder is moderately wounded.
You feel sick. The rat bites you but does no damage.
You block the adder's attack.
Really stalk into that dispersal trap?
The adder attacks as you move away! The adder completely misses you.
You enter a dispersal trap!
The adder blinks!
The endoplasm blinks!
The ball python blinks!
The endoplasm blinks!
The rat blinks!
The ball python blinks!
The adder blinks!
The rat blinks!
The adder blinks!
You blink.
You feel sick. The adder bites you.
* * * LOW HITPOINT WARNING * * *
You hit the adder. Your bite misses the adder.
The adder is severely wounded.
* * * LOW HITPOINT WARNING * * *
You feel sick. The adder bites you.
* * * LOW HITPOINT WARNING * * *
You are more poisoned.
The adder poisons you! The adder bites you but does no damage.
It was a potion of ambrosia.
You are confused.
Your system rejects the healing.
You feel invigorated.
You die...

.......#.#########.......#####
...##.##.##......#.......# ..
##..#.#........>..)...# .
#...#.#.......#########
#...#.#.............
#...#................
#...####.....r.......
##...........S##.....
#...........@.§.# ##
#.............###...
#......##..#J.#.....
#......###...§§§...# #......#
#.^...#.... ........# #(....#
) ##......# #§....# ##.#§.#
#.#..#


You could see an adder, an endoplasm and a rat.

Vanquished Creatures
  An endoplasm (D:1)
  2 giant cockroaches
  4 goblins
  4 quokkas (D:1)
  A ball python (D:1)
  2 bats
  3 frilled lizards
  A kobold (D:2)
  3 rats
21 creatures vanquished.

Notes
Turn   | Place    | Note
-------+----------+-------------------------------------------
     0 | D:1      | Anon1729 the Vine Stalker Fighter began the quest for the
                  | Orb.
     0 | D:1      | Reached XP level 1. HP: 11/11 MP: 2/2
    76 | D:1      | Reached XP level 2. HP: 8/16 MP: 3/3
   752 | D:1      | Got Famez's Compilation of the Helpful Gift
  1045 | D:2      | Succumbed to an adder's poison

Illustrated notes

Levels and vault maps discovered:
D:1:      amcnicky_arrival_gap_in_the_tavern_cellar, layout_basic
D:2:      layout_basic, minmay_randomly_rotated_circles

Action                     || total
---------------------------++-------
  Melee: Unarmed           ||    81
         Bite              ||    17
    Use: Potion            ||     1
 Armour: Scale mail        ||    26
  Dodge: Dodged            ||    36
  Block: Buckler           ||    17

Table legend: (Time is in decaauts)
 A = Elapsed time spent in this place.
 B = Non-inter-level travel time spent in this place.
 C = Inter-level travel time spent in this place.
 D = Time resting spent in this place.
 E = Time spent auto-exploring this place.
 F = Levels seen in this place.
 G = Mean time per level.
                   A        B        C        D        E       F      G
               +--------+--------+--------+--------+--------+-----+--------+
         Total |   1044 |   1009 |     35 |      0 |    847 |   2 |  522.0 |
       Dungeon |   1044 |   1009 |     35 |      0 |    847 |   2 |  522.0 |
               +--------+--------+--------+--------+--------+-----+--------+

Top non-repeatable levels by time:
     D:1: 826 daAuts
     D:2: 217 daAuts
